 Dungeon Crawl Stone Soup version 0.30-a0-364-gf6b3ef1049 (webtiles) character file.

Game seed: 3365684900307750768

1 AeshMezareph the Sneak (level 1, 0/11 HPs)
             Began as a Vine Stalker Brigand on Nov 14, 2022.
             Constricted to death by a ball python (1 damage)
             ... on level 1 of the Dungeon on Mar 11, 2024.
             The game lasted 00:01:09 (59 turns).

AeshMezareph the Sneak (Vine Stalker Brigand)         Turns: 59, Time: 00:01:09

Health: 0/11       AC:  3    Str: 13    XL:     1   Next: 20%
Magic:  0/2        EV:  8    Int: 11    God:
Gold:   10         SH:  0    Dex: 15    Spells: 0/0 levels left

rFire   . . .      SeeInvis .    f - +0 long sword (vorpal)
rCold   . . .      Faith    .    (no shield)
rNeg    . . .      Spirit   +    b - +0 robe
rPois   .          Reflect  .    (no helmet)
rElec   .          Harm     .    c - +0 cloak
rCorr   .          Rampage  .    (no gloves)
Will    .....                    (no boots)
Stlth   +++.......               (no amulet)
HPRegen 0.21/turn                (no ring)
MPRegen 0.08/turn                (no ring)

@: constricted
A: fangs 2, magic shield, antimagic bite, no potion heal 2
a: no special abilities


You were on level 1 of the Dungeon.
You visited 1 branch of the dungeon, and saw 1 of its levels.

You collected 10 gold pieces.

Inventory:

Hand Weapons
 a - a +2 dagger
 f - a +0 vorpal long sword (weapon)
Missiles
 d - 9 poisoned darts (quivered)
 e - 3 curare-tipped darts
Armour
 b - a +0 robe (worn)
 c - a +0 cloak (worn)


   Skills:
 + Level 1.8 Fighting
 - Level 1.7 Short Blades
 + Level 0.0(1.0) Long Blades
 - Level 1.7 Throwing
 + Level 0.8 Dodging
 + Level 4.8 Stealth


You couldn't memorise any spells.
You didn't know any spells.
Your spell library was empty.

Dungeon Overview and Level Annotations

Branches:
Dungeon (1/15)

Altars:


Innate Abilities, Weirdness & Mutations

You have extremely sharp teeth.
When hurt, damage is shared between your health and your magic reserves.
Your bite disrupts and absorbs the magic of your enemies.
Potions cannot restore your health.


Message History

Found a runed long sword.
Found a staircase leading out of the dungeon.
Welcome back, AeshMezareph the Vine Stalker Brigand.
Press ? for a list of commands and other information.
You see here a +0 vorpal long sword.
f - a +0 vorpal long sword
f - a +0 vorpal long sword (weapon)
Unknown command.
Found a dagger.
You see here a +0 dagger.
You now have 10 gold pieces.
A goblin comes into view. It is wielding a +0 dagger.
A ball python comes into view.
The ball python hisses angrily.
The goblin shouts!
The goblin hits you with a +0 dagger.
You closely miss the goblin. You bite the goblin. You drain its power.
The goblin is heavily wounded.
You slash the goblin!
You kill the goblin!
The ball python bites you. The ball python grabs you.
The ball python constricts you.
You barely miss the ball python. You bite the ball python. You drain its power.
The ball python is severely wounded.
The ball python bites you. The ball python constricts you.
A rat comes into view.
You closely miss the ball python.
The ball python is severely wounded.
The ball python barely misses you. The ball python constricts you.
The ball python bites you. The ball python constricts you.
You are too injured to fight recklessly!
You are too injured to fight recklessly!
You barely miss the ball python.
The ball python is severely wounded.
The ball python bites you. The ball python constricts you.
* * * LOW HITPOINT WARNING * * *
The ball python bites you.
* * * LOW HITPOINT WARNING * * *
The ball python constricts you.
You die...

## #. #) #. ##.
#.###.. ....... #.
##.###.
#..##############.# ##
#..rS@..........#.####
##.############.#.....
#.....## #####.# #.#
#.# #.# ... ###


You could see a ball python and a rat.

Vanquished Creatures
  A goblin (D:1)
1 creature vanquished.

Notes
Turn   | Place    | Note
-------+----------+-------------------------------------------
     0 | D:1      | AeshMezareph the Vine Stalker Brigand began the quest for
                  | the Orb.
     0 | D:1      | Reached XP level 1. HP: 11/11 MP: 2/2
    59 | D:1      | Constricted to death by a ball python

Illustrated notes

Levels and vault maps discovered:
D:1:      dpeg_arrival_round_c, layout_loops_ring, st_stairs_5

Action                   || total
-------------------------++-------
Melee: Long sword        ||     5
       Bite              ||     2
Dodge: Dodged            ||     1

Table legend: (Time is in decaauts)
 A = Elapsed time spent in this place.
 B = Non-inter-level travel time spent in this place.
 C = Inter-level travel time spent in this place.
 D = Time resting spent in this place.
 E = Time spent auto-exploring this place.
 F = Levels seen in this place.
 G = Mean time per level.
                   A        B        C        D        E       F      G
               +--------+--------+--------+--------+--------+-----+--------+
         Total |     60 |     56 |      4 |      0 |     40 |   1 |   60.0 |
       Dungeon |     60 |     56 |      4 |      0 |     40 |   1 |   60.0 |
               +--------+--------+--------+--------+--------+-----+--------+

Top non-repeatable levels by time:
     D:1: 60 daAuts
